 Dungeon Crawl Stone Soup version 0.25.0-10-g039870ee82 (webtiles) character file.

Game seed: 5025208441771754584

22787 Acheron the Cleaver (level 12, -13/106 HPs)
             Began as a Minotaur Abyssal Knight on June 23, 2020.
             Was a High Priest of Lugonu.
             Mangled by a very large slime creature (41 damage)
             ... on level 12 of the Dungeon.
             The game lasted 01:20:26 (17787 turns).

Acheron the Cleaver (Minotaur Abyssal Knight)      Turns: 17787, Time: 01:20:27

Health: -13/106    AC:  9    Str: 16    XL:     12   Next: 66%
Magic:  16/16      EV: 16    Int: 12    God:    Lugonu [*****.]
Gold:   694        SH:  0    Dex: 13    Spells: 15/18 levels left

rFire    . . .     SeeInvis +   w - +5 war axe (elec)
rCold    . . .     Gourm    .   (no shield)
rNeg     . . .     Faith    .   G - +2 steam dragon scales
rPois    .         Spirit   .   (helmet restricted)
rElec    .         Reflect  .   j - +0 cloak
rCorr    .         Harm     .   (no gloves)
MR       .....                  (no boots)
Stlth    +++.......             (no amulet)
HPRegen  0.27/turn              l - ring of see invisible
MPRegen  0.15/turn              (no ring)

@: no status effects
A: retaliatory headbutt, horns 2
a: Depart the Abyss, Bend Space, Banish, Corrupt, Enter the Abyss, Renounce
Religion


You were on level 12 of the Dungeon.
You worshipped Lugonu.
Lugonu was extremely pleased with you.
You were very hungry.

You visited 4 branches of the dungeon, and saw 21 of its levels.
You visited the Abyss 1 time.

You collected 787 gold pieces.
You spent 93 gold pieces at shops.

Inventory:

Hand Weapons
 e - a +3 spear
 t - the +7 dagger of Exoysunk {venom, rN+ Dex+4}
   (You found it on level 3 of the Lair of Beasts)

   It poisons the flesh of those it strikes.
   It affects your dexterity (+4).
   It protects you from negative energy.
 w - a +5 war axe of electrocution (weapon)
 x - a +1 dire flail of holy wrath
 B - a +3 dagger of speed
 D - a +2 morningstar of protection
 H - a +2 vampiric war axe
 J - the +8 hunting sling of Guppus {vorpal, rPois, unknown}
   (You found it on level 12 of the Dungeon)

   Any stone fired from it inflicts extra damage.
   It protects you from poison.
Missiles
 b - 14 boomerangs
 g - 375 stones
 k - 2 curare-tipped darts
 m - 28 poisoned darts (quivered)
 E - 5 atropa-tipped darts
Armour
 j - a +0 cloak (worn)
 G - +2 steam dragon scales (worn)
Magical Staves
 y - an uncursed staff of poison
Jewellery
 l - a ring of see invisible (left hand)
 I - a +6 ring of dexterity {unknown}
Wands
 q - a wand of paralysis (6)
 A - a wand of flame (11)
 F - a wand of clouds (1)
Scrolls
 n - a scroll of fog
 o - 2 scrolls of fear
 r - a scroll of amnesia
 u - 4 scrolls of remove curse
 C - 2 scrolls of teleportation
 L - a scroll of noise {unknown}
Potions
 a - a potion of stabbing
 d - a potion of cancellation {unknown}
 f - 3 potions of curing
 h - a potion of resistance {unknown}
 i - a potion of magic
 p - 4 potions of lignification
 s - a potion of haste {unknown}
 v - a potion of berserk rage {unknown}
 z - 4 potions of flight
 K - a potion of invisibility {unknown}
 M - a potion of might {unknown}
Comestibles
 c - 22 rations


   Skills:
 * Level 10.2 Fighting
 * Level 13.4 Axes
 + Level 0.1(8.9) Maces & Flails
 * Level 5.4 Throwing
 * Level 6.3 Armour
 * Level 7.4 Dodging
 * Level 5.3 Stealth
 * Level 3.6 Spellcasting
 * Level 2.2 Necromancy
 * Level 4.1 Translocations
 * Level 5.7 Invocations
 * Level 4.6 Evocations


You had 15 spell levels left.
You knew the following spells:

 Your Spells              Type           Power        Failure   Level  Hunger
a - Apportation           Tloc           ##....       4%          1    #......
b - Animate Skeleton      Necr           N/A          9%          1    #......
c - Pain                  Necr           #...         9%          1    #......

Your spell library contained the following spells:

 Spells                   Type           Power        Failure   Level  Hunger
 Vampiric Draining        Necr           #.........   26%         3    ###....
 Animate Dead             Necr           N/A          65%         4    #####..
 Agony                    Necr           #.......     94%         5    ######.


Dungeon Overview and Level Annotations

Branches:
Dungeon (15/15)            Temple (1/1) D:6            Lair (4/6) D:8
 Shoals (1/4) Lair:3       Spider (0/4) Lair:4
    Orc: D:9-12      Vaults: D:13-14     Depths: D:15

Altars:
Ashenzari
Cheibriados
Dithmenos
Elyvilon
Fedhas
Gozag
Hepliaklqana
Kikubaaqudgha
Makhleb
Nemelex Xobeh
Qazlal
Ru
Sif Muna
Trog
Uskayaw
Vehumet
Wu Jian
Xom
Yredelemnul
Zin
The Shining One

Shops:
D:5 ?

Annotations:
D:7 exclusion: downstairs
Lair:3 exclusions: downstairs and oklob plant


Innate Abilities, Weirdness & Mutations

You reflexively headbutt those who attack you in melee.
You have a pair of horns on your head.


Message History

You hit the large slime creature but do no damage.
Lightning courses through the large slime creature!
The large slime creature is heavily wounded.
You hit the large slime creature.
Lightning courses through the large slime creature!
The large slime creature is severely wounded.
The large slime creature hits you!
Two slime creatures merge to form a very large slime creature.
You slash the very large slime creature!
Lightning courses through the very large slime creature!
The very large slime creature is heavily wounded.
You slash the very large slime creature!
The very large slime creature is heavily wounded.
The very large slime creature hits you!!!
* * * LOW HITPOINT WARNING * * *
Unknown command.
You hit the very large slime creature.
The very large slime creature is severely wounded.
The very large slime creature hits you!!!
You die...

#.##≈#≈...##
.≈≈≈≈≈≈≈≈≈#
≈≈≈≈≈≈≈≈≈≈≈≈≈≈
≈≈≈≈≈≈#≈≈J#≈≈≈#
D≈≈≈#≈#≈#J##≈##
≈≈≈.#.#.#.# ##
.≈≈ #.###.#
#.######
#..J@..#
######.# #.# #.#
##############.#
......[........#
################


You could see a very large slime creature.

Vanquished Creatures
  A hydra (D:12)
  2 two-headed ogres
  3 deep elf magi
  An ugly thing (D:13)
  A cyclops (D:13)
  2 elephants
  A centaur zombie (D:13)
  2 black mambas
  A gargoyle (D:10)
  Maggie (D:8)
  3 komodo dragons (Lair:1)
  2 trolls (D:13)
  4 meliai
  3 hornets
  A polar bear (shapeshifter) (D:13)
  Prince Ribbit (D:5)
  4 blink frogs (Lair:4)
  Grinder (D:5)
  6 hippogriffs
  A wraith (D:11)
  20 yaks
  2 wyverns
  4 hungry ghosts
  Edmund (D:5)
  3 water moccasins
  A soldier ant (D:8)
  6 porcupines
  3 black bears
  3 ice beasts
  6 sky beasts
  2 orc warriors (D:9)
  4 phantoms
  11 wolves
  4 ogres
  4 centaurs
  6 crocodiles
  10 bullfrogs
  6 killer bees (D:8)
  3 scorpions
  3 wights (D:7)
  A howler monkey (D:10)
  4 crimson imps
  5 hounds
  A quasit (D:8)
  2 bullfrog zombies
  5 orc priests
  7 orc wizards
  2 bullfrog skeletons
  2 jellies
  2 centaur skeletons
  3 iguanas
  4 worker ants
  7 gnolls
  A howler monkey skeleton (D:10)
  7 adders
  A river rat (D:4)
  8 shadow imps
  A worker ant simulacrum (D:10)
  4 worms
  3 dart slugs (D:1)
  7 leopard geckos
  39 orcs
  6 giant cockroaches
  3 goblins
  9 hobgoblins
  2 jackals (D:8)
  5 kobolds
  4 quokkas
  A ball python (D:4)
  3 bats
  5 frilled lizards
  A giant cockroach zombie (D:6)
  A quokka skeleton (D:7)
  4 rats
303 creatures vanquished.

Vanquished Creatures (collateral kills)
  A polar bear (D:11)
  A shadow (D:13)
2 creatures vanquished.

Vanquished Creatures (others)
  6 fungi
  A plant (Lair:4)
7 creatures vanquished.

Grand Total: 312 creatures vanquished

Notes
Turn   | Place    | Note
-------+----------+-------------------------------------------
     0 | Abyss:1  | Acheron the Minotaur Abyssal Knight began the quest for the
                  | Orb.
     0 | Abyss:1  | Reached XP level 1. HP: 19/19 MP: 1/1
    17 | D:1      | Escaped the Abyss
   126 | D:1      | Reached XP level 2. HP: 25/27 MP: 2/2
   442 | D:1      | Reached ** piety under Lugonu
   657 | D:1      | Reached XP level 3. HP: 33/34 MP: 3/3
   827 | D:1      | Reached skill level 3 in Axes
  1036 | D:2      | You fall into a shaft and drop 1 floor!
  1288 | D:3      | Found an ancient bone altar of Kikubaaqudgha.
  1293 | D:3      | Found a shimmering blue altar of Sif Muna.
  1295 | D:3      | Found a radiant altar of Vehumet.
  1299 | D:3      | Identified Sif Muna's Papyrus of the Voyage
  1304 | D:3      | Learned a level 1 spell: Apportation
  1328 | D:3      | Reached XP level 4. HP: 37/41 MP: 4/4
  1607 | D:4      | Reached skill level 4 in Axes
  1674 | D:4      | Reached skill level 5 in Fighting
  1674 | D:4      | Reached XP level 5. HP: 20/48 MP: 5/5
  2119 | D:4      | Reached skill level 5 in Axes
  2346 | D:5      | Entered Level 5 of the Dungeon
  2346 | D:5      | Noticed a phantom
  2358 | D:5      | Killed a phantom
  2358 | D:5      | Reached XP level 6. HP: 38/56 MP: 6/6
  2486 | D:5      | Found an ornate altar of the Wu Jian Council.
  2530 | D:5      | Found Bofeuc's Magic Scroll Emporium.
  2533 | D:5      | Bought a scroll of fear for 38 gold pieces
  2533 | D:5      | Bought a scroll of identify for 22 gold pieces
  2533 | D:5      | Bought a scroll of remove curse for 33 gold pieces
  2547 | D:5      | Reached skill level 6 in Axes
  2624 | D:5      | Noticed an ice beast
  2635 | D:5      | Killed an ice beast
  2727 | D:5      | Reached XP level 7. HP: 50/61 MP: 7/7
  2790 | D:5      | Reached skill level 7 in Axes
  2802 | D:5      | Noticed a two-headed ogre
  2894 | D:7      | Reached *** piety under Lugonu
  3134 | D:6      | Reached skill level 8 in Axes
  3366 | D:6      | Found a staircase to the Ecumenical Temple.
  3393 | Temple   | Entered the Ecumenical Temple
  3729 | D:6      | Found a stormy altar of Qazlal.
  3732 | D:6      | Reached skill level 1 in Stealth
  3732 | D:6      | Reached XP level 8. HP: 68/71 MP: 8/8
  3803 | D:6      | Found a burning altar of Makhleb.
  3904 | D:6      | Found a glowing silver altar of Zin.
  3904 | D:6      | Noticed an angel
  3905 | D:6      | Noticed a balrug
  3984 | D:6      | Reached skill level 9 in Axes
  4958 | D:8      | Noticed Maggie
  4971 | D:8      | Killed Maggie
  4971 | D:8      | Reached skill level 1 in Throwing
  5018 | D:8      | Found a bloodstained altar of Trog.
  5132 | D:7      | Reached skill level 10 in Axes
  5132 | D:7      | Reached XP level 9. HP: 79/79 MP: 9/9
  5212 | D:7      | Reached skill level 1 in Spellcasting
  5219 | D:7      | Reached **** piety under Lugonu
  5220 | D:7      | Reached skill level 1 in Translocations
  5630 | D:7      | Reached skill level 1 in Evocations
  6012 | D:9      | Noticed a two-headed ogre
  6091 | D:9      | Found a hide-covered altar of Uskayaw.
  6442 | D:8      | Noticed an elephant
  6460 | D:8      | Killed an elephant
  6661 | D:8      | Found a staircase to the Lair.
  6744 | D:8      | Reached XP level 10. HP: 88/88 MP: 11/11
  6905 | D:8      | Reached skill level 11 in Axes
  7176 | D:8      | Found a sacrificial altar of Ru.
  7417 | D:8      | Reached skill level 5 in Dodging
  7418 | D:8      | Paralysed by a hornet for 1 turns
  7425 | D:8      | HP: 2/88 [hornet (14)]
  7425 | D:8      | Paralysed by a hornet for 1 turns
  7869 | D:10     | Entered Level 10 of the Dungeon
  7949 | D:10     | Noticed a gargoyle
  7968 | D:10     | Killed a gargoyle
  8326 | D:9      | Found a white marble altar of Elyvilon.
  8699 | Lair:1   | Entered Level 1 of the Lair of Beasts
  9268 | Lair:1   | Learned a level 1 spell: Animate Skeleton
  9270 | Lair:1   | Learned a level 1 spell: Pain
  9549 | Lair:1   | Reached XP level 11. HP: 78/95 MP: 12/14
  9556 | Lair:1   | Reached ***** piety under Lugonu
 10517 | D:5      | Killed a two-headed ogre
 10634 | D:5      | Noticed Edmund
 10645 | D:5      | Killed Edmund
 10730 | D:5      | Reached skill level 5 in Armour
 10786 | D:5      | Found a shimmering altar of Xom.
 10789 | D:5      | Noticed Grinder
 10791 | D:5      | Killed Grinder
 10791 | D:5      | Reached skill level 12 in Axes
 10988 | D:5      | Noticed Prince Ribbit
 10997 | D:5      | Killed Prince Ribbit
 11056 | D:5      | Found a glowing golden altar of the Shining One.
 11270 | Lair:2   | Noticed an eight-headed hydra
 12254 | Lair:3   | Reached skill level 1 in Necromancy
 12331 | Lair:2   | Reached skill level 5 in Invocations
 12738 | Lair:3   | Found a staircase to the Shoals.
 12747 | Lair:3   | Noticed an oklob plant
 12788 | Lair:3   | Got an ivory dagger
 12789 | Lair:3   | Identified the +7 dagger of Exoysunk {venom, rN+ Dex+4}
                  | (You found it on level 3 of the Lair of Beasts)
 12952 | Shoals:1 | Entered Level 1 of the Shoals
 13677 | Lair:4   | Noticed a five-headed hydra
 14040 | Lair:4   | Found a hole to the Spider Nest.
 15445 | D:11     | Reached XP level 12. HP: 106/106 MP: 15/15
 15489 | D:11     | Found a bloodstained altar of Trog.
 15791 | D:12     | Got a translucent hunting sling
 16034 | D:15     | Entered Level 15 of the Dungeon
 16041 | D:14     | Noticed a seven-headed hydra
 16059 | D:13     | Reached skill level 5 in Throwing
 16096 | D:13     | Reached skill level 5 in Stealth
 16411 | D:13     | Reached skill level 13 in Axes
 16657 | D:13     | Reached skill level 10 in Fighting
 16664 | D:13     | Noticed a two-headed ogre
 16715 | D:14     | Noticed a two-headed ogre
 16813 | D:13     | Killed a two-headed ogre
 17187 | D:13     | Noticed a centaur warrior
 17293 | D:12     | Noticed a five-headed hydra
 17574 | D:12     | Killed a five-headed hydra
 17787 | D:12     | Mangled by a very large slime creature

Illustrated notes

Levels and vault maps discovered:
D:1:      wander_arrival_lonely_grave, layout_basic
D:2:      kennysheep_six_static_rooms, layout_basic, minmay_joined_circles
D:3:      layout_basic, grunt_temple_overflow_magic_moments,
          amethyst_overflow_temple_binary, uniq_robin, uniq_jessica
D:4:      layout_cave_pods, portal_sewer_entry_b
D:5:      layout_rooms, tso_altar, nicolae_overflow_crystal_walls, basic_altar,
          serial_shops, nicolae_shop_behind_doors, first_ration, uniq_edmund,
          uniq_grinder, uniq_prince_ribbit1
D:6:      layout_basic, grunt_temple_overflow_order_and_chaos_2,
          nicolae_qazlal_general_emergency, minmay_temple_entry_overgrown,
          chequers_serial_rivers_micro_d
D:7:      layout_basic, serial_bayou_pond_d
D:8:      layout_basic, nicolae_ru_path_of_blood, david_lair_generic,
          hangedman_pestilent_swarm, trog_three_pillars_becter, uniq_maggie
D:9:      layout_roguey, elyvilon_altar_4, lemuel_crystal_altar
D:10:     layout_irregular_city, minivault_20, grunt_ministairs_2
D:11:     layout_rooms, orc_0_dummy, trog_ov_bears_minmay
D:12:     layout_basic
D:13:     layout_stronghold, serial_glass, glass_columns_c, glass_columns_a
D:14:     layout_basic, grunt_vaults_entry_fortified, solitary_fountain,
          corner_web_ring
D:15:     hangedman_depths_entry_civil_slaughter, layout_long_grid,
          minmay_crystal_water, lemuel_freeze_loot_1
Temple:   compressed_dpeg_triangle_lava_temple
Lair:1:   layout_roguey, serial_bayou_shore_b
Lair:2:   layout_misc_corridors
Lair:3:   layout_big_grid, elwin_shoals_entry_rocks, minmay_hedge_maze,
          minmay_lair_oklob_chamber
Lair:4:   layout_big_grid, spider_nest_entry_rubble, kennysheep_basilisk_garden,
          grunt_megastairs_1, serial_bayou_shore_b, infiniplex_staircase_pool
Shoals:1: layout_shoals

Skill      XL: |  1  2  3  4  5  6  7  8  9 10 11 12 |
---------------+-------------------------------------+-----
Fighting       | 4 5 6 7 8 9 10 | 10.2
Axes           | 3 4 5 6 8 10 11 12 13 | 13.4
Invocations    | 2 3 4 5 |  5.7
Armour         | 3 4 5 6 |  6.3
Dodging        | 2 3 4 5 6 7 |  7.4
Stealth        | 1 3 4 5 |  5.3
Throwing       | 1 2 3 4 5 |  5.4
Spellcasting   | 1 2 3 |  3.6
Translocations | 2 3 4 |  4.1
Evocations     | 2 3 4 |  4.6
Necromancy     | 1 2 |  2.2
Maces & Flails | |  0.1

Action                   |  1- 3 |  4- 6 |  7- 9 | 10-12 || total
-------------------------+-------+-------+-------+-------++-------
Melee: Hand axe          |    64 |       |       |       ||    64
       Headbutt          |     6 |     8 |    33 |    85 ||   132
       War axe           |    12 |    60 |   210 |   495 ||   777
       Morningstar       |       |       |       |     6 ||     6
Throw: Dart              |       |     3 |     8 |    65 ||    76
 Cast: Animate Skeleton  |       |       |       |    16 ||    16
       Pain              |       |       |       |     1 ||     1
Evoke: Wand              |       |       |     8 |    10 ||    18
  Use: Scroll            |     2 |     3 |     1 |    20 ||    26
       Potion            |       |       |       |     5 ||     5
 Stab: Distracted        |       |       |     1 |       ||     1
       Confused          |       |       |     1 |       ||     1
       Sleeping          |       |       |     1 |     5 ||     6
  Eat: Chunk             |     1 |     3 |     3 |    12 ||    19
       Ration            |       |     1 |     3 |     7 ||    11
Armor: Leather armour    |    22 |    17 |    20 |       ||    59
       Steam dragon scal |       |       |    25 |   141 ||   166
Dodge: Dodged            |    31 |    30 |   110 |   362 ||   533
